Match 47063771
Unlisted

Match 47063771
End
Scout Squad
Construct Weapon Support Center
M1919 Machine Gun Team
Engineer Squad
Scout Squad
M1919 Machine Gun Team
Engineer Squad
Infantry Support Center
M3 Armored Personnel Carrier
Construct Medical Station
Bazooka Squad
Selects Advanced Infantry Battlegroup
Selects Artillery Observers
Advanced Logistics
Selects Convert to Ranger Squad
Selects Designate Assault Position
M3 Armored Personnel Carrier
Bazooka Squad
Improved M9 Bazooka Rockets
Selects Infantry Assault
Infantry Assault
Artillery Observer Squad
Construct Tank Depot
Bazooka Squad
Selects M2A1 105mm Howitzer Emplacement
Infantry Assault
M4A1 Sherman Medium Tank
Bazooka Squad
Infantry Assault
M4A1 Sherman Medium Tank
Selects 155mm Rapid Artillery Barrage
Bazooka Squad
Infantry Assault
Rei
FeriG
0
0

Comments sign in to comment!

No comments posted yet!